 Dungeon Crawl Stone Soup version 0.30-a0-634-g8abc85282e (webtiles) character file.

Game seed: 11599530757247290315

113383 100Percenter the Warrior (level 15, -13/145 HPs)
             Began as a Minotaur Monk on Jan 14, 2023.
             Was a High Priest of Ru.
             Mangled by a salamander
             ... wielding a +0 halberd
              (16 damage)
             ... on level 4 of the Snake Pit.
             The game lasted 01:29:32 (24291 turns).

100Percenter the Warrior (Minotaur Monk)           Turns: 24291, Time: 01:29:33

Health: -13/145    AC: 30    Str: 21    XL:     15   Next: 13%
Magic:  21/21      EV: 12    Int: 10    God:    Ru [*****.]
Gold:   2051       SH:  5    Dex: 17    Spells: 14/14 levels left

rFire   x . .      SeeInvis +    a - +9 executioner's axe of Beogh's Regard {spect, rPois}
rCold   + + +      Faith    .    (shield currently unavailable)
rNeg    . . .      Spirit   .    u - +1 plate armour of Indemnity {Fly rPois rC+ Stlth-}
rPois   +          Reflect  +    M - +1 hat {Int+3}
rElec   .          Harm     .    p - +2 cloak
rCorr   .          Rampage  .    b - +0 pair of gloves {hurl}
Will    +....                    D - +0 pair of boots Stlth
                                 G - amulet of reflection
HPRegen 0.44/turn                L - ring of Waeseroa {rF- rC+++ MP+9 AC+4 Dex+2}
MPRegen 0.17/turn                F - ring of see invisible

@: lethally poisoned (-13 -> -18), flying
A: horns 2, low MP 1, no stealth, hated by all, no air magic, no conjurations
magic, no hexes magic, inexperienced 1, retaliatory headbutt
a: Renounce Religion, Draw Out Power, Power Leap, Apocalypse


You were on level 4 of the Snake Pit.
You worshipped Ru.
Ru was extremely pleased with you.
You visited 3 branches of the dungeon, and saw 20 of its levels.
You also visited: Ossuary, Bailey and Ice Cave.

You collected 2051 gold pieces.

Inventory:

Hand Weapons
 a - the +9 executioner's axe of Beogh's Regard (weapon) {spect, rPois}
   (You acquired it in an ice cave)

   rPois:     It protects you from poison.
Missiles
 C - 11 silver javelins
 N - 3 curare-tipped darts (quivered)
Armour
 b - a +0 pair of gloves of hurling (worn)
 p - a +2 cloak (worn)
 u - the +1 plate armour of Indemnity (worn) {Fly rPois rC+ Stlth-}
   (You took it off an orc warrior in a bailey)

   rC:        It protects you from cold.
   rPois:     It protects you from poison.
   Fly:       It grants you flight.
   Stlth:     It makes you less stealthy.
 D - a +0 pair of boots (worn)
 M - a +1 hat of intelligence (worn)
 Y - a +0 leather armour of resistance
Jewellery
 l - a ring of protection from cold
 F - a ring of see invisible (right hand)
 G - an amulet of reflection (around neck)
 L - the ring of Waeseroa (left hand) {rF- rC+++ MP+9 AC+4 Dex+2}
   (You took it off an efreet on level 11 of the Dungeon)

   [ring of protection]

   AC:        It affects your AC (+4).
   Dex:       It affects your dexterity (+2).
   rF:        It makes you vulnerable to fire.
   rC:        It renders you almost immune to cold.
   MP:        It affects your magic capacity (+9).
Wands
 j - a wand of digging (8)
 o - a wand of charming (28)
 r - a wand of iceblast (13)
 P - a wand of flame (34)
 Q - a wand of polymorph (6)
 R - a wand of light (15)
Scrolls
 d - 2 scrolls of silence
 e - 4 scrolls of blinking
 h - 2 scrolls of vulnerability
 k - 2 scrolls of brand weapon
 v - 11 scrolls of teleportation
 x - 4 scrolls of enchant weapon
 y - 2 scrolls of magic mapping
 E - 2 scrolls of immolation
 H - a scroll of butterflies
 O - 3 scrolls of enchant armour
 S - a scroll of fear
 T - 7 scrolls of poison
 U - a scroll of amnesia
 X - a scroll of fog
Potions
 c - 6 potions of ambrosia
 f - 5 potions of heal wounds {unknown}
 g - 4 potions of berserk rage {unknown}
 i - 4 potions of degeneration {unknown}
 m - 6 potions of brilliance {unknown}
 n - 10 potions of curing
 q - 8 potions of mutation
 s - 2 potions of haste {unknown}
 t - 5 potions of flight {unknown}
 w - 5 potions of might
 A - 5 potions of lignification {unknown}
 I - a potion of magic {unknown}
 J - 3 potions of invisibility {unknown}
 V - 2 potions of cancellation {unknown}
Miscellaneous
 K - a phial of floods
 W - a condenser vane


   Skills:
 + Level 16.3 Fighting
 + Level 16.3 Axes
 - Level 14.0 Ranged Weapons
 - Level 16.0 Armour
 - Level 10.0 Dodging
 - Level 10.0 Shields
 - Level 7.0 Unarmed Combat


You had 14 spell levels left.
You didn't know any spells.
Your spell library contained the following spells:

 Spells                   Type           Power      Damage    Failure   Level
 Apportation              Tloc           0%         N/A       98%         1
 Necrotise                Necr           0%         1d4       98%         1
 Sting                    Tmut/Pois      0%         1d3       98%         1
 Blink                    Tloc           0%         N/A       99%         2
 Sublimation of Blood     Necr           0%         N/A       99%         2
 Wereblood                Tmut           0%         N/A       99%         2
 Gell's Gravitas          Tloc           0%         N/A       100%        3
 Teleport Other           Tloc           0%         N/A       100%        3
 Manifold Assault         Tloc           0%         N/A       100%        4
 Olgreb's Toxic Radiance  Pois           0%         N/A       100%        4
 Passage of Golubria      Tloc           0%         N/A       100%        4
 Blade Hands              Tmut           0%         N/A       100%        5
 Dispersal                Tloc           0%         N/A       100%        6
 Dragon Form              Tmut           0%         N/A       100%        7
 Summon Small Mammal      Summ           Unusable   N/A       N/A         1
 Poisonous Vapours        Pois/Air       Unusable   N/A       N/A         2
 Call Canine Familiar     Summ           Unusable   N/A       N/A         3
 Kindle Blastsparks       Fire/Tloc/Air  Unusable   2d10      N/A         3
 Mephitic Cloud           Conj/Pois/Air  Unusable   N/A       N/A         3
 Portal Projectile        Hex/Tloc       Unusable   N/A       N/A         3
 Stone Arrow              Conj/Erth      Unusable   3d7       N/A         3
 Tukima's Dance           Hex            Unusable   N/A       N/A         3
 Anguish                  Hex/Necr       Unusable   N/A       N/A         4
 Animate Armour           Summ/Erth      Unusable   N/A       N/A         4
 Leda's Liquefaction      Hex/Erth       Unusable   N/A       N/A         4
 Irradiate                Conj/Tmut      Unusable   3d11      N/A         5
 Yara's Violent Unravell  Hex/Tmut       Unusable   3d3       N/A         5
 Storm Form               Tmut/Air       Unusable   N/A       N/A         7
 Summon Hydra             Summ           Unusable   N/A       N/A         7
 Lehudib's Crystal Spear  Conj/Erth      Unusable   10d2      N/A         8
 Chain Lightning          Conj/Air       Unusable   N/A       N/A         9

Dungeon Overview and Level Annotations

Branches:
Dungeon (11/15)            Temple (0/1) D:7            Lair (5/5) D:11
 Shoals (0/4) Lair:3        Snake (4/4) Lair:2        Slime (0/5) Lair:4
    Orc (0/2) D:10        Ossuary (visited)          Bailey (visited)
  IceCv (visited)

Altars:
Elyvilon
Gozag
Kikubaaqudgha
Nemelex Xobeh
Ru
Sif Muna
Trog
Uskayaw
Vehumet
Zin

Shops:
D:5 (

Annotations:
Lair:1 2 transporters, snackwell's ghost, journeyman DsTm


Innate Abilities, Weirdness & Mutations

You have a pair of horns on your head.
Your magical capacity is low. (-10% MP)
You cannot be stealthy.
You are hated by all.
You cannot study or cast Air magic.
You cannot study or cast Conjurations magic.
You cannot study or cast Hexes magic.
You are somewhat inexperienced. (-1 XL)
You reflexively headbutt those who attack you in melee.


Message History

The lindwurm breathes flames at you. The blast of flame hits you!
The fire burns you terribly!
The naga warrior begins to attack, but is stunned by your conviction!
The salamander misses you.
A lindwurm comes into view.
You slice the salamander!!
You kill the salamander!
The salamander misses you.
A salamander mystic comes into view. It is wielding a +0 scimitar.
Found a book of Party Tricks.
You redirect the salamander's attack!
The salamander hits the salamander with a +4 trident of protection!
The salamander is engulfed in flames.
The salamander completely resists.
The salamander closely misses you.
You see here a +0 halberd.
The naga warrior roars a battlecry!
The nagas go into a battle-frenzy!
The lindwurm begins to attack, but is stunned by your conviction!
You redirect the salamander's attack!
The salamander hits itself with a +0 halberd!
You closely miss the salamander. You slice the salamander!!
You slash the naga warrior!
Your +9 executioner's axe of Beogh's Regard {spect, rPois} closely misses the salamander.
Your +9 executioner's axe of Beogh's Regard {spect, rPois} hits the salamander!
The salamander hits you with a +4 trident of protection!
You are engulfed in flames!!
The fire burns you terribly!
You focus your inner power and paralyse the salamander in retribution!
The naga warrior spits poison at you.
The splash of poison hits you but does no damage.
You are poisoned.
You resist.
The lindwurm begins to attack, but is stunned by your conviction! x2
The lindwurm breathes flames at you.
The blast of flame hits the salamander.
The salamander completely resists.
The blast of flame hits you!!! The fire burns you terribly!
* * * LOW HITPOINT WARNING * * *
The salamander hits you with a +0 halberd!!
* * * LOW HITPOINT WARNING * * *
You are engulfed in flames!
The fire burns you terribly!
You die...

#...<....######**,,,,,,,*,,*****
#..†....##......##,,,,,,**,*,,,*
#......##,.......#*,,,,,*,,*,,,,
*#.....##.§§≈.k≈...##,,,,*,,*,,,,
......##,§.§§≈≈≈≈...##,,,*,,**,,,
......#,,..≈≈≈≈§§....*,,,*,,*,,,,
.....##**'#§§≈§§≈#k####,,**,*,,**
.....*,,,...§N§§NN....#,,,******
,,,,,*,,,....§§(@.....#,,,*
,,,,,*,,,...k≈≈N).....#,,,*******
,,,,,*,,,...§§≈§......#,,,,,,,,,,
,,,,,*,,,§§§§§§§≈≈....#,,,,,,,,,,
,,,,**,,~≈≈≈§§≈≈≈≈≈≈..##,,,,,,,,,
,,,**,,,~§≈§≈≈≈§§≈≈≈...##,,,,,,##
,,**,,,~~≈########≈≈≈...##,,,,,#.
,**,,~~~***,,,,,,###≈≈≈..##,,,,##
**,,~~~**,,,,,,,,,,##≈≈≈..##,,,#.


You could see a naga warrior, a salamander mystic (strong), 2 salamanders, 3
lindwurms and a friendly +9 executioner's axe of Beogh's Regard {spect, rPois}
(summoned).

Vanquished Creatures
  Vashnia (Snake:2)
  2 Ice Fiends (IceCv)
  Asterion (Snake:1)
  Gastronok (D:11)
  Kirke (Lair:5)
  Agnes (Snake:1)
  Donald (Snake:3)
  A very ugly thing (IceCv)
  Nessos (Lair:5)
  A fire dragon (shapeshifter) (D:11)
  A caustic shrike simulacrum (IceCv)
  8 hydras
  A salamander tyrant (Snake:4)
  8 anacondas
  A catoblepas (Lair:3)
  A death knight (D:11)
  A tengu warrior (D:11)
  3 two-headed ogres
  10 naga warriors
  8 death yaks
  3 shock serpents
  12 naga sharpshooters
  Urug (Lair:1)
  A goliath frog (Lair:5)
  5 salamander mystics
  5 sea snakes
  3 naga ritualists
  An obsidian statue (IceCv)
  A lindwurm (Snake:4)
  2 orc knights (Bailey)
  2 manticores (D:11)
  4 mana vipers
  2 ugly things
  A cyclops (D:11)
  18 black mambas
  2 elephants
  20 salamanders
  4 guardian serpents
  2 ice statues (Snake:4)
  10 naga magi
  2 gargoyles (D:11)
  13 cane toads
  3 rime drakes
  An efreet (D:11)
  7 freezing wraiths (IceCv)
  An unseen horror (D:10)
  An ice devil (IceCv)
  9 komodo dragons
  2 golden dragon simulacra (IceCv)
  A polar bear (Lair:1)
  A troll (D:11)
  2 hornets
  2 tyrant leeches (Lair:5)
  Prince Ribbit (D:6)
  A wind drake (Lair:3)
  5 dream sheep (Lair:5)
  21 blink frogs
  A slime creature (Lair:4)
  A shadow (D:10)
  A wraith (D:9)
  39 yaks
  5 wyverns
  2 basilisks (Lair:3)
  7 humans (Lair:5)
  10 vampire mosquitoes
  A steam dragon (D:7)
  2 minotaur simulacra (IceCv)
  35 nagas
  An acid dragon (D:11)
  2 hydra simulacra (IceCv)
  16 water moccasins
  2 wargs (D:10)
  A sky beast (D:7)
  2 ice beasts
  3 black bears
  8 orc warriors
  6 ettin simulacra (IceCv)
  An ogre (D:5)
  2 phantoms (D:5)
  2 centaurs
  2 kobold brigands
  A necrophage (D:6)
  11 bullfrogs
  3 scorpions
  A howler monkey (D:11)
  3 electric eels
  3 lava snakes (Snake:2)
  Crazy Yiuf (D:5)
  3 orc priests
  3 hounds
  3 iguanas
  6 jellies
  Jessica (D:2)
  Ijyb (D:3)
  16 orc wizards
  2 hell rats (Lair:1)
  8 mummies (Ossuary)
  8 adders
  5 river rats (Lair:1)
  A shadow imp (D:6)
  An ufetubus (D:6)
  A worm (D:2)
  3 dart slugs
  46 orcs
  2 bats (D:1)
  8 endoplasms
  3 giant cockroaches
  7 goblins
  9 jackals
  14 kobolds
  3 quokkas
  6 ball pythons
  2 frilled lizards (D:1)
  3 gnoll zombies (Ossuary)
  A goblin zombie (D:8)
  2 hobgoblin zombies (Ossuary)
  3 kobold zombies (Ossuary)
  A quokka zombie (D:8)
  10 rats
582 creatures vanquished.

Vanquished Creatures (others)
  An anaconda (Snake:3)
  A naga sharpshooter (Snake:2)
  An obsidian statue (IceCv)
  A manticore (Lair:3)
  A salamander (Snake:2)
  A black mamba (Snake:3)
  A tyrant leech (Lair:5)
  A blink frog (Lair:4)
  A yak (Lair:4)
  A naga (Snake:4)
  A kobold brigand (D:11)
  An orc (D:9)
  18 fungi
  87 plants
117 creatures vanquished.

Grand Total: 699 creatures vanquished

Notes
Turn   | Place    | Note
-------+----------+-------------------------------------------
     0 | D:1      | 100Percenter the Minotaur Monk began the quest for the Orb.
     0 | D:1      | Reached XP level 1. HP: 19/19 MP: 0/0
    83 | D:1      | Reached XP level 2. HP: 26/26 MP: 1/1
   250 | D:1      | Reached XP level 3. HP: 28/31 MP: 2/2
   628 | D:2      | Found a faded altar of an unknown god.
  1180 | D:2      | Reached XP level 4. HP: 39/39 MP: 3/3
  1202 | D:2      | Noticed Jessica
  1210 | D:2      | Killed Jessica
  1211 | D:2      | Reached skill level 5 in Unarmed Combat
  1844 | D:3      | Found an ancient bone altar of Kikubaaqudgha.
  1954 | D:3      | Noticed Ijyb
  1969 | D:3      | Found a sparkling altar of Nemelex Xobeh.
  1984 | D:3      | Killed Ijyb
  2076 | D:3      | Found a white marble altar of Elyvilon.
  2470 | D:3      | Reached XP level 5. HP: 31/45 MP: 4/4
  2882 | D:4      | Reached XP level 6. HP: 51/51 MP: 5/5
  2943 | D:4      | Noticed a water moccasin
  2956 | D:4      | Killed a water moccasin
  3089 | D:4      | Reached skill level 5 in Fighting
  3452 | D:5      | Entered Level 5 of the Dungeon
  3574 | D:5      | Reached XP level 7. HP: 64/64 MP: 6/6
  3585 | D:5      | Found a runed translucent door.
  3587 | D:5      | Noticed Crazy Yiuf
  3592 | D:5      | Killed Crazy Yiuf
  3679 | D:5      | Found a sacrificial altar of Ru.
  3679 | D:5      | Found a shimmering blue altar of Sif Muna.
  3714 | D:5      | Found Gocog's Antique Weapon Shop.
  4012 | D:5      | Identified the +8 war axe of the Resonant God {drain, rElec
                  | rPois Will+}
  4040 | D:5      | Reached skill level 5 in Armour
  4215 | D:5      | Reached XP level 8. HP: 63/73 MP: 7/7
  4681 | D:6      | Noticed Prince Ribbit
  4690 | D:6      | Killed Prince Ribbit
  5094 | D:6      | Reached skill level 10 in Fighting
  5293 | D:7      | Reached XP level 9. HP: 70/85 MP: 6/8
  5416 | D:7      | Reached skill level 10 in Armour
  5418 | D:7      | Reached skill level 5 in Dodging
  5492 | D:7      | Found a glowing silver altar of Zin.
  5502 | D:7      | Found a flagged portal.
  5514 | Bailey   | Entered a bailey
  5595 | Bailey   | Noticed an orc knight
  5596 | Bailey   | Noticed an orc knight
  5621 | Bailey   | Killed an orc knight
  5700 | Bailey   | Identified the +1 plate armour of Indemnity {Fly rPois rC+
                  | Stlth-}
  5786 | Bailey   | Killed an orc knight
  5787 | Bailey   | Reached XP level 10. HP: 58/93 MP: 5/9
  6182 | D:5      | Became a worshipper of Ru the Awakened
  6196 | D:5      | Gained mutation: You are hated by all. [Ru sacrifice]
  6196 | D:5      | Reached * piety under Ru
  6410 | D:7      | Found an opulent altar of Gozag.
  6659 | D:7      | Found a staircase to the Ecumenical Temple.
  6751 | D:8      | Found a sand-covered staircase.
  6885 | Ossuary  | Entered an ossuary
  7267 | D:8      | Found a radiant altar of Vehumet.
  7618 | D:9      | Noticed a two-headed ogre
  7633 | D:9      | Killed a two-headed ogre
  7634 | D:9      | Reached skill level 10 in Dodging
  8269 | D:10     | Entered Level 10 of the Dungeon
  8344 | D:10     | Noticed a two-headed ogre
  8354 | D:10     | Killed a two-headed ogre
  8561 | D:10     | Found a staircase to the Orcish Mines.
  8592 | D:10     | Gained mutation: You cannot study or cast Air magic. [Ru
                  | sacrifice]
  8592 | D:10     | Gained mutation: You cannot study or cast Hexes magic. [Ru
                  | sacrifice]
  8592 | D:10     | Gained mutation: You cannot study or cast Conjurations
                  | magic. [Ru sacrifice]
  8592 | D:10     | Reached ** piety under Ru
  8592 | D:10     | Reached *** piety under Ru
  8639 | D:10     | Reached XP level 11. HP: 76/99 MP: 10/10
  8728 | D:10     | Noticed a green ugly thing
  8738 | D:10     | Killed a green ugly thing
  8764 | D:10     | Noticed a two-headed ogre
  8774 | D:10     | Killed a two-headed ogre
  8932 | D:10     | Found a hide-covered altar of Uskayaw.
  9239 | D:11     | Noticed a seven-headed hydra
  9240 | D:11     | Noticed a tengu warrior
  9253 | D:11     | Killed a seven-headed hydra
  9254 | D:11     | Reached skill level 10 in Shields
  9353 | D:11     | Noticed a death knight
  9373 | D:11     | Killed a death knight
  9561 | D:11     | Reached skill level 5 in Axes
  9568 | D:11     | Got Jeomnyci's Quarto of the Hexing Welkin
  9687 | D:11     | Noticed a six-headed hydra
  9694 | D:11     | Killed a six-headed hydra
  9711 | D:11     | Killed a tengu warrior
  9711 | D:11     | Identified the ring of Waeseroa {rF- rC+++ MP+9 AC+4 Dex+2}
  9893 | D:11     | Noticed Gastronok
  9905 | D:11     | Killed Gastronok
  9906 | D:11     | Reached skill level 10 in Axes
 10131 | D:11     | Reached XP level 12. HP: 97/106 MP: 11/11
 10176 | D:11     | Found a staircase to the Lair.
 10395 | D:11     | Noticed a fire dragon
 10405 | D:11     | Killed a fire dragon
 10952 | Lair:1   | Entered Level 1 of the Lair of Beasts
 10972 | Lair:1   | Found a transporter.
 11008 | Lair:1   | Gained mutation: You cannot be stealthy. [Ru sacrifice]
 11021 | Lair:1   | Noticed Urug
 11029 | Lair:1   | Killed Urug
 11408 | Lair:1   | Found a bloodstained altar of Trog.
 11438 | Lair:1   | Noticed snackwell's ghost (journeyman DsTm)
 11477 | Lair:1   | Found a transporter.
 11839 | Lair:2   | Noticed a five-headed hydra
 11856 | Lair:2   | Killed a five-headed hydra
 12298 | Lair:2   | Found a staircase to the Snake Pit.
 12380 | Lair:2   | Gained mutation: You are somewhat inexperienced. (-1 XL)
                  | [Ru sacrifice]
 12380 | Lair:2   | Reached XP level 11. HP: 108/108 MP: 10/10
 12380 | Lair:2   | Reached **** piety under Ru
 12380 | Lair:2   | Reached ***** piety under Ru
 12845 | Lair:3   | Found a staircase to the Shoals.
 13432 | Lair:3   | Noticed a death yak
 13441 | Lair:3   | Killed a death yak
 13442 | Lair:3   | Reached skill level 15 in Fighting
 13511 | Lair:3   | Noticed a catoblepas
 13511 | Lair:3   | Noticed a four-headed hydra
 13542 | Lair:3   | Killed a catoblepas
 13574 | Lair:3   | Killed a four-headed hydra
 13964 | Lair:4   | Reached XP level 12. HP: 120/122 MP: 11/11
 13996 | Lair:4   | Identified the +4 rapier "Ojov" {freeze, Fly rF+++ rC-
                  | Int+4}
 14366 | Lair:4   | Found a staircase to the Slime Pits.
 14770 | Lair:4   | Identified the +11 sling of Charity {heavy, rN+}
 14775 | Lair:4   | Gained mutation: Your magical capacity is low. (-10% MP)
                  | [Ru sacrifice]
 14975 | Lair:5   | Entered Level 5 of the Lair of Beasts
 15011 | Lair:5   | Reached skill level 1 in Ranged Weapons
 15250 | Lair:5   | Reached skill level 5 in Ranged Weapons
 15516 | Lair:5   | Noticed Nessos
 15521 | Lair:5   | Killed Nessos
 15649 | Lair:5   | Reached XP level 13. HP: 101/125 MP: 10/10
 15780 | Lair:5   | Identified the +1 chain mail "Wimioh" {rC+ rN+ MP+9}
 15949 | Lair:5   | Reached skill level 15 in Axes
 16069 | Lair:5   | Noticed Kirke
 16084 | Lair:5   | Killed Kirke
 16618 | Snake:1  | Entered Level 1 of the Snake Pit
 16641 | Snake:1  | Noticed Agnes
 16949 | Snake:1  | Killed Agnes
 17098 | Snake:1  | Noticed Asterion
 17122 | Snake:1  | Noticed a cacodemon
 17125 | Snake:1  | Killed Asterion
 17587 | Snake:1  | Reached skill level 10 in Ranged Weapons
 18666 | Snake:2  | Reached XP level 14. HP: 22/135 MP: 11/11
 19075 | Snake:2  | Noticed Vashnia
 19782 | Snake:2  | Killed Vashnia
 21036 | Snake:3  | Noticed Donald
 21278 | Snake:3  | Killed Donald
 22609 | Snake:4  | Entered Level 4 of the Snake Pit
 22781 | Snake:4  | Found a frozen archway.
 22948 | IceCv    | Entered an ice cave
 22984 | IceCv    | Reached skill level 15 in Armour
 23638 | IceCv    | Identified a scroll of acquirement
 23638 | IceCv    | Noticed an Ice Fiend
 23638 | IceCv    | Noticed an Ice Fiend
 23646 | IceCv    | Killed an Ice Fiend
 23647 | IceCv    | Reached XP level 15. HP: 132/144 MP: 12/12
 23653 | IceCv    | Killed an Ice Fiend
 23664 | IceCv    | Acquired the +9 executioner's axe of Beogh's Regard {spect,
                  | rPois}
 24291 | Snake:4  | HP: 3/145 [salamander/+0 halberd (25)]
 24291 | Snake:4  | Mangled by a salamander

Illustrated notes

Levels and vault maps discovered:
D:1:      minmay_arrival_loop, layout_rooms, minmay_pentomino_v4
D:2:      layout_loops_corners, chequers_ecumenical_altar_island, uniq_jessica
D:3:      layout_basic, mainiacjoe_overflow_catch_the_wave,
          mainiacjoe_overflow_alcove_1, uniq_ijyb
D:4:      layout_rooms
D:5:      layout_gridville, gammafunk_temple_overflow_wave, serial_shops, shop,
          minmay_starry_boxes, uniq_crazy_yiuf_cottage
D:6:      layout_loops_ring, uniq_prince_ribbit1
D:7:      layout_basic, pdpol_temple_overflow_zin_treasury_gozag_greed,
          minmay_temple_entry_nine_rooms, enter_bailey_5,
          nicolae_figureground_sparkle
D:8:      layout_basic, mainiacjoe_overflow_six_doors_small, enter_ossuary_4
D:9:      layout_loops_ring, mainiacjoe_overflow_boulevard
D:10:     layout_gridville, mainiacjoe_overflow_cross_hatched,
          minmay_orc_entry_guard_dogs
D:11:     minmay_the_grid_triangle_9x9_recursive_2_mashed
          [minmay_the_grid_triangle_9x9_prize_insulated,
          minmay_the_grid_triangle_9x9_limited_checkers,
          minmay_the_grid_triangle_9x9_descending_squares,
          minmay_the_grid_triangle_9x9_corruption], layout_cave_pods,
          david_lair_generic, uniq_gastronok
Lair:1:   layout_regular_city, gammafunk_ghost_wrathful_warriors, serial_forest,
          infiniplex_forest_clump_tiny, infiniplex_forest_clump_curved,
          infiniplex_forest_clump_C, infiniplex_forest_lined_room_2,
          infiniplex_forest_corner_2, infiniplex_forest_straight_4,
          infiniplex_forest_clump_double, infiniplex_forest_lined_2,
          kennysheep_abandoned_house, uniq_urug
Lair:2:   layout_regular_city, guppyfry_snake_entry_island
Lair:3:   nzn_winding_woodlands_cross [nzn_winding_woodlands_5x15_zeroes,
          nzn_winding_woodlands_5x15_twine, nzn_winding_woodlands_5x15_pockets,
          nzn_winding_woodlands_5x15_split_checker,
          nzn_winding_woodlands_15x15_boxy_spiral], layout_gridlike,
          minmay_shoals_entry_beasts
Lair:4:   layout_cellular_growth, minmay_slime_entry_pillars, serial_rivers,
          chequers_serial_rivers_small_3, chequers_serial_rivers_marsh,
          chequers_serial_rivers_large_a, chequers_serial_rivers_micro_d,
          chequers_serial_rivers_micro_a, chequers_serial_rivers_micro_c
Lair:5:   minmay_lair_end_frog_pond, layout_regular_city, grunt_megastairs_3,
          uniq_kirke, uniq_nessos
Snake:1:  layout_misc_corridors, uniq_agnes, uniq_asterion
Snake:2:  layout_basic, nicolae_snake_salamander_zone, uniq_vashnia
Snake:3:  layout_chambers, uniq_donald
Snake:4:  snake_pit_salamanders_mu, layout_cave_town,
          portal_ice_cave_entry_ice_statue_two, uniq_mlioglotl

Skill      XL: |  1  2  3  4  5  6  7  8  9 10 11 12 13 14 15 |
---------------+----------------------------------------------+-----
Stealth        | 2 0 |  0.0
Dodging        | 4 8 10 | 10.0
Unarmed Combat | 4 5 6 7 |  7.0
Fighting       | 6 7 10 15 16 | 16.3
Armour         | 5 7 10 15 16 | 16.0
Shields        | 8 10 | 10.0
Axes           | 11 14 16 | 16.3
Ranged Weapons | 7 13 14 | 14.0

Action                   |  1- 3 |  4- 6 |  7- 9 | 10-12 | 13-15 || total
-------------------------+-------+-------+-------+-------+-------++-------
Melee: Unarmed           |    57 |    92 |    16 |    54 |     9 ||   228
       Headbutt          |    16 |    14 |    27 |   159 |   190 ||   406
       Punch             |     1 |     3 |     8 |     1 |       ||    13
       War axe           |       |       |   127 |   623 |   756 ||  1506
       Executioner's axe |       |       |       |       |    25 ||    25
 Fire: Sling             |    60 |    32 |    16 |    64 |   100 ||   272
Throw: Dart              |       |       |       |       |     3 ||     3
Invok: Sacrifice Love    |       |       |       |     1 |       ||     1
       Sacrifice Arcana  |       |       |       |     1 |       ||     1
       Sacrifice Experie |       |       |       |     1 |       ||     1
       Apocalypse        |       |       |       |     1 |       ||     1
       Sacrifice Essence |       |       |       |     1 |       ||     1
       Sacrifice Stealth |       |       |       |     1 |       ||     1
       Draw Out Power    |       |       |       |       |     3 ||     3
       Power Leap        |       |       |       |       |     3 ||     3
       Reject Sacrifices |       |       |       |       |     2 ||     2
Evoke: Wand              |       |       |       |     8 |       ||     8
       Condenser vane    |       |       |       |       |     1 ||     1
  Use: Scroll            |       |     3 |     4 |    10 |     5 ||    22
       Potion            |       |       |       |       |     1 ||     1
 Stab: Invisible         |       |       |       |     4 |     4 ||     8
       Distracted        |       |       |       |     2 |     5 ||     7
       Paralysed         |       |       |       |       |     2 ||     2
Armor: Ring mail         |    15 |     3 |       |       |       ||    18
       Robe              |     1 |       |       |       |       ||     1
       Plate armour      |       |    41 |    88 |   278 |   266 ||   673
       Steam dragon scal |       |       |    32 |       |       ||    32
Dodge: Dodged            |    28 |    22 |   119 |   185 |   167 ||   521
Block: Other             |       |     1 |       |       |     2 ||     3
       Kite shield       |       |       |       |   462 |   513 ||   975
       Reflection        |       |       |       |    13 |    60 ||    73

Table legend: (Time is in decaauts)
 A = Elapsed time spent in this place.
 B = Non-inter-level travel time spent in this place.
 C = Inter-level travel time spent in this place.
 D = Time resting spent in this place.
 E = Time spent auto-exploring this place.
 F = Levels seen in this place.
 G = Mean time per level.
                   A        B        C        D        E       F      G
               +--------+--------+--------+--------+--------+-----+--------+
         Total |  24474 |  23587 |    887 |   3746 |  14756 |  23 | 1064.1 |
       Dungeon |  10248 |   9651 |    597 |   1074 |   6593 |  11 |  931.6 |
          Lair |   5931 |   5728 |    203 |    371 |   4212 |   5 | 1186.2 |
     Snake Pit |   6422 |   6336 |     86 |   1955 |   3193 |   4 | 1605.5 |
       Ossuary |    258 |    258 |      0 |     27 |     94 |   1 |  258.0 |
        Bailey |    649 |    649 |      0 |    213 |     72 |   1 |  649.0 |
      Ice Cave |    964 |    964 |      0 |    105 |    592 |   1 |  964.0 |
               +--------+--------+--------+--------+--------+-----+--------+

Top non-repeatable levels by time:
 Snake:2: 2257 daAuts
 Snake:1: 1837 daAuts
    D:11: 1816 daAuts
 Snake:3: 1686 daAuts
  Lair:5: 1613 daAuts
  Lair:2: 1264 daAuts
  Lair:3: 1191 daAuts
     D:5: 1150 daAuts
     D:3: 1117 daAuts
     D:2: 1086 daAuts
  Lair:4: 1044 daAuts
   IceCv: 964 daAuts
    D:10: 916 daAuts
     D:6: 824 daAuts
  Lair:1: 817 daAuts
